 Dungeon Crawl Stone Soup version 0.31-a0-692-gf03d1854d5 (webtiles) character file.

Game seed: 11757790560288834991

134 qw the Shooter (level 5, -1/32 HPs)
             Began as a Gargoyle Hunter on Sept 6, 2023.
             Killed from afar by an orc wizard (6 damage)
             ... with a magic dart
             ... on level 3 of the Dungeon.
             The game lasted 00:00:46 (1890 turns).

qw the Shooter (Gargoyle Hunter)                    Turns: 1890, Time: 00:00:46

Health: -1/32      AC: 10    Str: 14    XL:     5   Next: 17%
Magic:  5/5        EV: 15    Int: 10    God:
Gold:   156        SH:  0    Dex: 15    Spells: 4/4 levels left

rFire   . . .        Y - +1 shortbow
rCold   . . .        (shield currently unavailable)
rNeg    + + .        h - +0 ring mail
rPois   inf          (no helmet)
rElec   +            (no cloak)
rCorr   .            (no gloves)
SInv    .            i - +0 pair of boots
Will    .....        (no amulet)
Stlth   +            e - +5 ring of evasion
HPRegen 0.25/turn    d - ring of positive energy
MPRegen 0.09/turn

%: no passive effects
@: no status effects
A: sickness immunity, AC +4, negative energy resistance 1, electricity
resistance, torment resistance 1, petrification resistance, talons 1, wild magic
1
a: no special abilities


You were on level 3 of the Dungeon.
You visited 1 branch of the dungeon, and saw 3 of its levels.

You collected 156 gold pieces.


Innate Abilities, Weirdness & Mutations

You are immune to sickness and miasma.
Your stone body is resilient. (AC +4)
You are immune to poison.
You resist negative energy. (rN+)
You are resistant to electric shocks. (rElec)
You are resistant to unholy torment.
You are immune to petrification.
You have sharp toenails.
Your spells are a little harder to cast, but a little more powerful.


   Skills:
 - Level 3.2 Fighting
 + Level 5.7 Ranged Weapons
 - Level 1.0 Armour
 - Level 1.5 Dodging
 - Level 1.1 Stealth


You had 4 spell levels left.
You didn't know any spells.
Your spell library was empty.

Inventory:

Hand Weapons
 Y - a +1 shortbow (weapon)
Armour
 g - the +1 robe "Enwussyi" {rPois rF+ rN+++ Will- Str-4}
   (You found it on level 2 of the Dungeon)

   Str-4:     It affects your strength (-4).
   rF+:       It protects you from fire.
   rPois:     It protects you from poison rN+++: It renders you almost immune to
   negative energy.
   Will-:     It decreases your willpower.
 h - a +0 ring mail (worn)
 i - a +0 pair of boots (worn)
Jewellery
 d - a ring of positive energy (right hand)
 e - a +5 ring of evasion (left hand)
Scrolls
 b - a scroll of poison {unknown}
 j - a scroll of identify
 k - a scroll of fear {unknown}
 l - 2 scrolls of teleportation
Potions
 a - 2 potions of heal wounds
 c - a potion of mutation
 f - 4 potions of curing
 m - a potion of brilliance {unknown}

Dungeon Overview and Level Annotations

Branches:
Dungeon (3/15)

Altars:


Message History

A magic dart appears from out of thin air!
The magic dart hits you. The orc priest closely misses you.
You shoot an arrow. The arrow barely misses the orc priest.
You hear some strange, mumbled words.
A puff of flame appears from out of thin air!
The puff of flame misses you.
The orc priest calls down the wrath of Beogh upon you.
You barely resist. You shoot an arrow. The arrow hits the orc priest.
The orc priest is heavily wounded.
Something hits you but does no damage.
The orc priest looks satisfied for a moment.
You shoot an arrow. The arrow hits the orc priest!
You kill the orc priest!
Something hits you.
You have reached level 5!
You shoot an arrow.
You hear some strange, mumbled words.
A puff of flame appears from out of thin air!
The puff of flame hits you!
You hear some strange, mumbled words.
A magic dart appears from out of thin air!
The magic dart hits you!
You shoot an arrow.
You hear some strange, mumbled words.
A puff of flame appears from out of thin air!
The puff of flame misses you.
You shoot an arrow.
You hear some strange, mumbled words.
A magic dart appears from out of thin air!
The magic dart hits you.
You shoot an arrow. Something hits you but does no damage.
You shoot an arrow.
Something hits you but does no damage. x2
You shoot an arrow.
You hear some strange, mumbled words.
A magic dart appears from out of thin air!
The magic dart hits you.
You die...

#........###......
###........##......
#
..'.........'......
#.
#.......###).....
#.. #.......#
#......
###..###.......#
#......
...............#
#......
#.......#######
#...... +.....@.#
#...... #....{))#
#...... #......%#
### #.......#
#.......# #.......#
#........ #####....


There were no monsters in sight!

Vanquished Creatures
  An orc priest (D:3)
  An orc wizard (D:2)
  2 adders (D:3)
  A worm (D:2)
  A dart slug (D:2)
  3 orcs
  5 ball pythons
  8 bats
  4 endoplasms
  7 goblins
  5 hobgoblins
  A quokka (D:3)
  2 frilled lizards
  5 kobolds
  10 rats
56 creatures vanquished.

Notes
Turn   | Place    | Note
-------+----------+-------------------------------------------
     0 | D:1      | qw the Gargoyle Hunter began the quest for the Orb.
     0 | D:1      | Reached XP level 1. HP: 12/12 MP: 1/1
     0 | D:1      | 0 ||| qw: Version: 0.3-a-76-g4403597
     0 | D:1      | 0 ||| qw: Game counter: 311
     0 | D:1      | 0 ||| qw: Melee chars always use a shield: true
     0 | D:1      | 0 ||| qw: God list: Okawaru
     0 | D:1      | 0 ||| qw: Allow faded altars: false
     0 | D:1      | 0 ||| qw: Do Orc after clearing Dungeon:15 true
     0 | D:1      | 0 ||| qw: Do second Lair branch before Depths: true
     0 | D:1      | 0 ||| qw: Lair rune preference: random
     0 | D:1      | 0 ||| qw: Goals: Normal
     0 | D:1      | 0 ||| PLANNING D:1-11
   166 | D:1      | Reached XP level 2. HP: 17/17 MP: 2/2
   691 | D:1      | 691 ||| UPGRADING to +0 ring mail.
   701 | D:1      | 701 ||| DROPPING +0 leather armour.
   702 | D:1      | 702 ||| UPGRADING to +0 pair of boots.
   707 | D:1      | 707 ||| UPGRADING to +5 ring of evasion.
   708 | D:1      | 708 ||| READING scroll labelled KAIPPAITEY.
   711 | D:1      | 711 ||| READING 3 scrolls labelled ABBETHYARURR.
   712 | D:1      | 712 ||| READING scroll labelled RAVA PEAXTOA.
   713 | D:1      | 713 ||| DRINKING 2 purple potions.
   713 | D:1      | Gained mutation: You have a somewhat thin skeletal
                  | structure. (Dex +2, Stealth+) [potion of mutation]
   713 | D:1      | Gained mutation: You occasionally lose the ability to read
                  | scrolls when taking damage. [potion of mutation]
   714 | D:1      | 714 ||| DRINKING potion of mutation.
   714 | D:1      | Lost mutation: You have a somewhat thin skeletal structure.
                  | (Dex +2, Stealth+) [potion of mutation]
   714 | D:1      | Lost mutation: You occasionally lose the ability to read
                  | scrolls when taking damage. [potion of mutation]
   714 | D:1      | Gained mutation: You have sharp toenails. [potion of
                  | mutation]
   714 | D:1      | Gained mutation: Your spells are a little harder to cast,
                  | but a little more powerful. [potion of mutation]
   715 | D:1      | 715 ||| DRINKING 2 emerald potions.
   716 | D:1      | 716 ||| READING 2 scrolls of identify.
   716 | D:1      | 716 ||| IDENTIFYING orange potion
   717 | D:1      | 717 ||| DROPPING scroll of butterflies.
   718 | D:1      | 718 ||| DROPPING potion of degeneration.
   744 | D:2      | 744 ||| STAIRDANCE
   772 | D:2      | Reached skill level 1 in Armour
   810 | D:2      | Reached XP level 3. HP: 21/21 MP: 3/3
   938 | D:2      | Found a faded altar of an unknown god.
  1034 | D:2      | Identified the +1 robe "Enwussyi" {rPois rF+ rN+++ Will-
                  | Str-4}
  1139 | D:2      | Reached skill level 5 in Ranged Weapons
  1434 | D:2      | 1434 ||| UPGRADING to ring of positive energy.
  1435 | D:2      | 1435 ||| READING scroll labelled KID WYUKHI.
  1436 | D:2      | 1436 ||| READING scroll labelled LORUCIGILU.
  1437 | D:2      | 1437 ||| READING scroll labelled XAFUFY XUUREDD.
  1438 | D:2      | 1438 ||| DRINKING 3 blue potions.
  1452 | D:3      | 1452 ||| STAIRDANCE
  1459 | D:2      | Reached skill level 3 in Fighting
  1459 | D:2      | Reached XP level 4. HP: 28/28 MP: 4/4
  1476 | D:3      | 1476 ||| STAIRDANCE
  1885 | D:3      | Reached XP level 5. HP: 24/32 MP: 5/5
  1885 | D:3      | HP: 7/32 [something/magic dart (7)]
  1890 | D:3      | Killed from afar by an orc wizard

Levels and vault maps discovered:
D:1:      ldierk_walled_garden_2, layout_basic, serial_park_tiny_pond,
          kennysheep_crisscross
D:2:      layout_rooms, shapermc_ecumenical_altar_venn, kennysheep_small_spiral,
          minmay_rat_gold_closets
D:3:      layout_basic, minmay_misc_feat_cross

Skill      XL: |  1  2  3 |
---------------+----------+-----
Armour         | 1 |  1.0
Ranged Weapons | 5 |  5.7
Fighting       | 3 |  3.2
Dodging        | |  1.5
Stealth        | |  1.1

Action                     |  1- 3 |  4- 6 || total
---------------------------+-------+-------++-------
   Fire: Shortbow          |    94 |    69 ||   163
    Use: Scroll            |     7 |       ||     7
         Potion            |     4 |       ||     4
 Armour: Ring mail         |    11 |    24 ||    35
  Dodge: Dodged            |    32 |    29 ||    61

Table legend:
 A = Non-vault XP
 B = Vault XP
 C = Vault XP percentage of total XP
 D = Non-vault monster count
 E = Vault monster count
 F = Vault count percentage of total count
                 A         B        C        D         E       F
            +---------+---------+-------+---------+---------+-------
      Total |     186 |       6 |   3.1 |      50 |       6 |  10.7
            +---------+---------+-------+---------+---------+-------
        D:1 |      22 |       0 |   0.0 |      13 |       0 |   0.0
        D:2 |      77 |       6 |   7.2 |      23 |       6 |  20.7
        D:3 |      87 |       0 |   0.0 |      14 |       0 |   0.0
            +---------+---------+-------+---------+---------+-------
